 Dungeon Crawl Stone Soup version 0.24-a0-446-g87df7205b4 (webtiles) character file.

Game seed: 13307639461034691640

41 Azzok the Ruffian (level 3, -3/28 HPs)
             Began as a Draconian Transmuter on June 23, 2019.
             Succumbed to Sigmund's poison
             ... on level 2 of the Dungeon.
             The game lasted 00:02:04 (1761 turns).

Azzok the Ruffian (Draconian Transmuter)            Turns: 1761, Time: 00:02:05

Health: -3/28      AC:  2    Str: 12    XL:     3   Next: 32%
Magic:  3/6        EV: 20    Int: 14    God:
Gold:   55         SH:  0    Dex: 16    Spells: 2/6 levels left

rFire    . . .     SeeInvis .     - Unarmed
rCold    . . .     Gourm    .   (shield currently unavailable)
rNeg     . . .     Faith    .   (armour unavailable)
rPois    x         Spirit   .   (helmet currently unavailable)
rElec    .         Reflect  .   (cloak currently unavailable)
rCorr    .         Harm     .   (gloves currently unavailable)
MR       .....                  (boots currently unavailable)
Stlth    +.........             (no amulet)
HPRegen  0.09/turn              (no ring)
MPRegen  0.10/turn              (no ring)

@: lethally poisoned (-3 -> -62), spider-form (expiring)
A: tiny, unfitting armour, AC +5
a: End Transformation


You were on level 2 of the Dungeon.
You were not hungry.
You were a venomous arachnid creature.
You visited 1 branch of the dungeon, and saw 2 of its levels.

You collected 55 gold pieces.

Inventory:

Missiles
 a - 19 arrows
Armour
 f - a +0 cloak (melded)
Scrolls
 e - a scroll of amnesia {unknown}
 g - a scroll of identify {unknown}
 i - 2 scrolls of blinking {unknown}
 k - a scroll of teleportation {unknown}
Potions
 b - a potion of ambrosia {unknown}
 d - a potion of curing {unknown}
 h - 2 potions of agility {unknown}
 j - a potion of brilliance {unknown}
Comestibles
 c - 3 rations
 l - 3 chunks of flesh


   Skills:
 - Level 1.1 Fighting
 + Level 2.4 Dodging
 + Level 3.5 Unarmed Combat
 - Level 2.0 Spellcasting
 + Level 2.6 Transmutations


You had 2 spell levels left.
You knew the following spells:

 Your Spells              Type           Power        Failure   Level  Hunger
a - Beastly Appendage     Tmut           #.....       21%         1    ##.....
b - Spider Form           Tmut/Pois      #.........   61%         3    ####...

Your spell library contained the following spells:

 Spells                   Type           Power        Failure   Level  Hunger
 Sticks to Snakes         Tmut           #.......     28%         2    ###....
 Ice Form                 Ice/Tmut       #.......     92%         4    #####..
 Blade Hands              Tmut           #.........   98%         5    ######.


Dungeon Overview and Level Annotations

Branches:
Dungeon (2/15)

Altars:

Annotations:
D:2 Sigmund


Innate Abilities, Weirdness & Mutations

((Your plain brown scales are hard. (AC +5)))
You cannot fit into any form of body armour.
((You are cold-blooded and may be slowed by cold attacks.))


Message History

Unknown command.
Your transformation is almost over.
You climb downwards.
Level annotation: Sigmund Sigmund mumbles some strange words.
Sigmund flickers and vanishes!
Deactivating autopickup; reactivate with Ctrl-A.
Your magical contamination has completely faded away.
There is a stone staircase leading up here.
Something hits you!
You are lethally poisoned!
You see here 7 curare-tipped darts.
You feel sick. Something hits you!
Ouch! That really hurt!
* * * LOW HITPOINT WARNING * * *
You are more poisoned.
Things that are here:
a +0 club; a scroll labeled OFEUL NOOS You barely miss something.
You die...

▒·▒ ▒·▒
▒·▒ ▒{▒
▒·▒ ▒·▒
▒·▒
▒·▒▒▒▒▒
▒·{s(<▒
▒▒▒▒▒▒▒


There were no monsters in sight!

Vanquished Creatures
  An adder (D:2)
  A leopard gecko (D:2)
  A giant cockroach (D:2)
  5 goblins
  3 hobgoblins
  4 jackals (D:1)
  A quokka (D:2)
  2 bats
  2 frilled lizards (D:1)
  5 kobolds
  2 rats (D:1)
27 creatures vanquished.

Notes
Turn   | Place    | Note
-------+----------+-------------------------------------------
     0 | D:1      | Azzok the Draconian Transmuter began the quest for the Orb.
     0 | D:1      | Reached XP level 1. HP: 16/16 MP: 3/3
   476 | D:1      | Reached XP level 2. HP: 23/23 MP: 5/5
  1154 | D:2      | Found a faded altar of an unknown god.
  1211 | D:2      | Reached XP level 3. HP: 17/28 MP: 6/6
  1567 | D:2      | Noticed Sigmund
  1697 | D:1      | Learned a level 3 spell: Spider Form
  1760 | D:2      | HP: 1/28 [something (16)]
  1761 | D:2      | Succumbed to Sigmund's poison

Levels and vault maps discovered:
D:1:      wander_arrival_desolate, layout_loops_ring, minmay_misc_feat_alley,
          chequers_garden
D:2:      layout_basic, chequers_ecumenical_altar_simple, first_ration,
          grunt_qazlal_sundering, uniq_sigmund

Skill      XL: |  1 |
---------------+----+-----
Dodging        | 2 |  2.4
Fighting       | |  1.1
Unarmed Combat | |  3.5
Spellcasting   | |  2.0
Transmutations | |  2.6

Action                   || total
-------------------------++-------
Melee: Unarmed           ||   110
       Kick              ||     2
       Tailslap          ||     5
       Punch             ||     1
 Cast: Beastly Appendage ||     2
       Spider Form       ||     2
 Stab: Sleeping          ||     1
  Eat: Chunk             ||     3
Armor: Skin              ||    70
Dodge: Dodged            ||   138

Table legend:
 A = Non-vault XP
 B = Vault XP
 C = Vault XP percentage of total XP
 D = Non-vault monster count
 E = Vault monster count
 F = Vault count percentage of total count
                 A         B        C        D         E       F
            +---------+---------+-------+---------+---------+-------
      Total |      59 |       0 |   0.0 |      27 |       0 |   0.0
            +---------+---------+-------+---------+---------+-------
        D:1 |      28 |       0 |   0.0 |      17 |       0 |   0.0
        D:2 |      31 |       0 |   0.0 |      10 |       0 |   0.0
            +---------+---------+-------+---------+---------+-------
